AoeStats
← YULONG

Black Forest

510422804Analyzed
4v4 RM · 2d ago on Sep 30, 2026· 73m 17s· 8 players
Game mode
Random Map
Map size
Large (8 player)
Population
200
Speed
Normal
Resources
Standard
Victory
Conquest
Starting age
Dark Age
Ending age
Imperial Age
RankedLock teamsTeams togetherTeam positionsShared explorationLock speedFull tech treeHidden civsTurbo modeCheats
Victory
Defeat
🇺🇸 Celts · United States
932
+15
🇧🇷 Italians · Brazil
923
+15
🇫🇷 Khmer · France
883
+17
🇲🇽 Slavs · Mexico
836
+19
🇨🇴 Mongols · Colombia
959
-20
🇨🇳 Britons · China
908
-48
898
-16
🇨🇱 Tatars · Chile
823
-13
Ratchet08
0:33 Loom
15:22 Feudal Age
21:14 Castle Age
20:28 Double-Bit Axe
21:55 Fishing Lines
22:27 Bow Saw
23:19 Forging
23:09 Scale Mail Armor
30:00 Iron Casting
29:40 Chain Mail Armor
30:23 Gillnets
30:19 Horse Collar
35:42 Imperial Age
33:56 Wheelbarrow
33:07 Town Watch
33:18 Arson
34:14 Chain Mail Armor
36:49 Conscription
37:13 Hand Cart
36:59 Town Patrol
37:18 Capped Ram
37:32 Elite Woad Raider
38:06 Pikeman
38:16 Siege Ram
39:05 Elite Woad Raider
40:51 Furor Celtica
44:35 Blast Furnace
44:05 Plate Mail Armor
47:48 Halberdier
Fralex04
10:35 Loom
12:48 Feudal Age
16:35 Castle Age
14:49 Double-Bit Axe
15:20 Horse Collar
18:23 Wheelbarrow
22:40 Stone Mining
24:50 Bow Saw
25:37 Gold Mining
26:43 Heavy Plow
28:47 Gold Shaft Mining
28:51 Stone Shaft Mining
28:10 Fletching
28:21 Padded Archer Armor
28:50 Forging
28:47 Scale Barding Armor
29:28 Bodkin Arrow
29:49 Leather Archer Armor
29:32 Murder Holes
29:48 Masonry
33:05 Imperial Age
31:53 Iron Casting
31:09 Elite Skirmisher
31:12 Crossbowman
32:49 Chain Barding Armor
33:28 Ballistics
33:58 Hand Cart
33:22 Elite Ballista Elephant
34:23 Conscription
35:09 Crop Rotation
36:14 Chemistry
35:31 Bracer
36:51 Caravan
38:09 Double Crossbow
66:16 Blast Furnace
Neoikana
0:38 Loom
15:53 Feudal Age
16:36 Horse Collar
21:39 Double-Bit Axe
26:06 Wheelbarrow
28:10 Castle Age
26:56 Scale Mail Armor
29:31 Heavy Plow
29:43 Bow Saw
30:54 Man-at-Arms
31:36 Squires
31:44 Long Swordsman
34:30 Hand Cart
34:44 Town Watch
37:31 Pikeman
41:42 Imperial Age
42:32 Druzhina
43:46 Chain Mail Armor
43:41 Forging
45:25 Crop Rotation
45:48 Halberdier
45:53 Capped Ram
HaweN
0:41 Loom
13:07 Feudal Age
21:02 Castle Age
20:19 Double-Bit Axe
21:17 Gold Mining
23:11 Fletching
30:10 Bow Saw
32:46 Horse Collar
34:48 Murder Holes
40:30 Imperial Age
38:19 Stone Mining
39:31 Fortified Wall
39:49 Heavy Plow
41:06 Ballistics
42:54 Chemistry
42:41 Wheelbarrow
43:29 Padded Archer Armor
43:42 Masonry
43:49 Bodkin Arrow
43:55 Town Watch
Lancelot_
3:49 Loom
10:54 Feudal Age
11:02 Man-at-Arms
13:56 Wheelbarrow
15:01 Double-Bit Axe
18:06 Horse Collar
23:07 Padded Archer Armor
23:31 Fletching
25:44 Castle Age
25:55 Gold Mining
25:56 Stone Mining
26:47 Bow Saw
35:55 Imperial Age
34:49 Gold Shaft Mining
35:20 Hand Cart
36:56 Heavy Plow
38:50 Stone Shaft Mining
39:41 Bodkin Arrow
40:51 Conscription
40:55 Leather Archer Armor
42:39 Chemistry
41:59 Ballistics
43:28 Elite Mangudai
46:50 Forging
47:52 Town Watch
48:44 Iron Casting
49:10 Scale Barding Armor
53:23 Murder Holes
55:43 Caravan
56:13 Coinage
57:16 Bloodlines
56:26 Light Cavalry
56:28 Cavalier
57:08 Husbandry
58:27 Hussar
BlackDream
11:56 Feudal Age
17:39 Castle Age
16:38 Horse Collar
17:17 Double-Bit Axe
17:36 Stone Mining
19:02 Bow Saw
18:56 Heavy Plow
25:19 Wheelbarrow
26:50 Gold Mining
27:56 Hand Cart
30:13 Gold Shaft Mining
32:39 Imperial Age
31:55 Bloodlines
31:49 Husbandry
32:07 Forging
32:31 Scale Mail Armor
31:57 Light Cavalry
32:46 Silk Armor
33:57 Iron Casting
34:48 Loom
35:05 Elite Keshik
36:24 Timurid Siegecraft
36:57 Crop Rotation
36:58 Conscription
38:09 Blast Furnace
38:02 Hussar
55:19 Scale Barding Armor
YULONG
17:17 Feudal Age
19:06 Wheelbarrow
22:22 Gold Mining
22:23 Stone Mining
22:22 Double-Bit Axe
22:21 Horse Collar
22:37 Loom
32:38 Castle Age
30:33 Fletching
30:44 Padded Archer Armor
30:52 Scale Mail Armor
33:53 Forging
35:06 Hand Cart
37:51 Bow Saw
37:45 Heavy Plow
40:21 Imperial Age
38:08 Murder Holes
38:35 Ballistics
38:07 Guard Tower
38:32 Masonry
39:07 Coinage
38:38 Caravan
38:56 Chain Mail Armor
38:57 Leather Archer Armor
38:37 Bodkin Arrow
38:48 Scale Barding Armor
39:23 Iron Casting
42:02 Crossbowman
42:55 Squires
42:16 Pikeman
42:42 Gambesons
42:17 Man-at-Arms
48:20 Hoardings
天皇陛下孙笑川
0:40 Loom
16:40 Feudal Age
17:05 Double-Bit Axe
23:35 Castle Age
23:10 Horse Collar
29:55 Wheelbarrow
30:12 Heavy Plow
31:22 Stone Mining
36:10 Imperial Age
33:34 Gold Mining
34:35 Scale Mail Armor
34:46 Forging
35:31 Fortified Wall
35:33 Masonry
35:21 Murder Holes
35:50 Bow Saw
35:43 Fletching
36:24 Fervor
36:12 Treadmill Crane
37:59 Two-Man Saw
38:02 Stone Shaft Mining
37:37 Caravan
38:33 Conscription
38:23 Scale Barding Armor
39:23 Squires
41:15 Hand Cart
Connection lost

Rejoining the realm…

Still unreachable

The connection could not be restored.

Session expired

The server has moved on; the page needs a fresh start.